 Dungeon Crawl Stone Soup version 0.28-a0-1389-gc726bef33b (webtiles) character file.

Game seed: 14959290350005284220

172 ASSMAN the Sneak (level 5, -2/32 HPs)
             Began as a Gargoyle Brigand on Jan 4, 2022.
             Killed by divine providence
             ... invoked by an orc priest
              (14 damage)
             ... on level 3 of the Dungeon.
             The game lasted 00:03:52 (3465 turns).

ASSMAN the Sneak (Gargoyle Brigand)                 Turns: 3465, Time: 00:03:53

Health: -2/32      AC: 13    Str: 17    XL:     5   Next: 52%
Magic:  5/5        EV: 10    Int: 11    God:
Gold:   90         SH:  0    Dex: 11    Spells: 4/4 levels left

rFire   . . .      SeeInvis .   s - +1 long sword (vorpal)
rCold   . . .      Faith    .   (no shield)
rNeg    + . .      Spirit   .   g - +1 ring mail {Will+}
rPois   ∞          Reflect  .   (no helmet)
rElec   +          Harm     .   c - +0 cloak
rCorr   .          Rampage  .   t - +1 pair of gloves
Will    +....                   (no boots)
Stlth   ++........              (no amulet)
HPRegen 0.10/turn               (no ring)
MPRegen 0.09/turn               (no ring)

@: no status effects
A: sickness immunity, AC +4, negative energy resistance 1, electricity
resistance, torment resistance 1, petrification resistance
a: no special abilities


You were on level 3 of the Dungeon.
You visited 1 branch of the dungeon, and saw 4 of its levels.

You collected 90 gold pieces.

Inventory:

Hand Weapons
 s - a +1 vorpal long sword (weapon)
Missiles
 d - 27 poisoned darts
 e - a curare-tipped dart (quivered)
 n - 3 javelins
Armour
 c - a +0 cloak (worn)
 g - a +1 ring mail of willpower (worn)
 m - an orb of energy
 t - a +1 pair of gloves (worn)
Jewellery
 h - a ring of wizardry
 r - a +4 ring of evasion
 w - a ring of protection from fire
Scrolls
 a - a scroll of holy word {unknown}
 b - a scroll of enchant armour {unknown}
 i - a scroll of teleportation {unknown}
 k - a scroll of identify {unknown}
 l - a scroll of amnesia {unknown}
 o - a scroll of immolation {unknown}
 q - 2 scrolls of noise {unknown}
 u - 2 scrolls of magic mapping {unknown}
Potions
 f - a potion of mutation {unknown}
 j - 3 potions of brilliance {unknown}
 p - a potion of resistance {unknown}
 v - a potion of heal wounds {unknown}
 x - a potion of curing {unknown}


   Skills:
 + Level 3.5 Fighting
 - Level 1.7 Short Blades
 + Level 3.0 Throwing
 + Level 2.6 Armour
 - Level 0.7 Dodging
 + Level 5.3 Stealth


You had 4 spell levels left.
You didn't know any spells.
Your spell library contained the following spells:

 Spells                   Type           Power      Damage    Failure   Level
 Freeze                   Ice            0%         1d3       54%         1
 Frozen Ramparts          Ice            0%         1d2       88%         3
 Hailstorm                Conj/Ice       0%         3d3       99%         4
 Ice Form                 Ice/Tmut       0%         N/A       99%         4
 Summon Ice Beast         Ice/Summ       0%         N/A       99%         4


Dungeon Overview and Level Annotations

Branches:
Dungeon (4/15)
 Temple: D:4-7

Altars:
Nemelex Xobeh


Innate Abilities, Weirdness & Mutations

You are immune to sickness and miasma.
Your stone body is resilient. (AC +4)
You are immune to poison.
You resist negative energy. (rN+)
You are resistant to electric shocks. (rElec)
You are resistant to unholy torment.
You are immune to petrification.


Message History

The orc barely misses you.
Your Throwing skill increases to level 3!
You slash the orc!
You kill the orc!
No target in view!
No target in view!
You start resting.
HP restored.
You start waiting.
Done waiting.
You start waiting.
Done waiting.
You climb downwards.
The orc priest zaps a wand.
You resist with almost no effort.
There is a stone staircase leading up here.
The orc shouts!
An adder comes into view.
The orc barely misses you.
The orc wizard hits you with a +0 dagger of speed.
The orc priest hits you but does no damage.
You climb upwards.
There is a stone staircase leading down here.
Unknown command.
You closely miss the orc priest. The orc wizard closely misses you.
The orc priest hits you but does no damage.
The orc wizard points at you and mumbles some strange words.
The magic dart hits you.
You hit the orc priest.
The orc priest is lightly wounded.
The orc priest calls down the wrath of Beogh upon you.
Beogh smites you!
The orc wizard hits you but does no damage.
You hit the orc priest.
The orc priest is heavily wounded.
The orc wizard hits you but does no damage.
The orc priest barely misses you.
The orc wizard hits you with a +0 dagger of speed.
The orc priest mumbles some strange prayers to Beogh against you.
Beogh smites you!
You die...

#### ...##### ##.....#
.#.....########### ###
..............oo@# #..
.#......######.#o# #.#
(.........# #.#.# #.#
...)....#.# #.#.######
#.# .).)...<#.#
#........# #.#
##.#....#.# ####.####.#
#.. ...####+#.#
#......<..# ### ##.#
#....###.##.###.#######
.#.#
#........#....#.#.....#


You could see an orc priest, an orc wizard and an orc.

Vanquished Creatures
  An orc priest (D:3)
  Jessica (D:1)
  4 adders (D:3)
  3 dart slugs
  A worm (D:3)
  7 orcs (D:3)
  7 ball pythons
  5 endoplasms
  A giant cockroach (D:3)
  3 goblins
  6 hobgoblins
  6 kobolds
  A quokka (D:1)
  3 bats
  15 frilled lizards
  7 rats
71 creatures vanquished.

Vanquished Creatures (others)
  10 plants (D:2)
10 creatures vanquished.

Grand Total: 81 creatures vanquished

Notes
Turn   | Place    | Note
-------+----------+-------------------------------------------
     0 | D:1      | ASSMAN the Gargoyle Brigand began the quest for the Orb.
     0 | D:1      | Reached XP level 1. HP: 12/12 MP: 1/1
    90 | D:1      | Reached XP level 2. HP: 18/18 MP: 2/2
   327 | D:1      | Reached skill level 1 in Armour
   819 | D:2      | Noticed Jessica
   841 | D:1      | Killed Jessica
   842 | D:1      | Reached XP level 3. HP: 15/22 MP: 3/3
  1215 | D:2      | Reached XP level 4. HP: 27/27 MP: 4/4
  1839 | D:3      | Reached skill level 5 in Stealth
  2345 | D:3      | Found a faded altar of an unknown god.
  2492 | D:3      | Reached XP level 5. HP: 32/32 MP: 5/5
  2625 | D:3      | Found a sparkling altar of Nemelex Xobeh.
  3465 | D:3      | Killed from afar by an orc priest

Illustrated notes

Levels and vault maps discovered:
D:1:      lightli_molten_gateway, layout_basic
D:2:      layout_loops_cross, minmay_lizard_king, uniq_jessica
D:3:      layout_basic, nemelex_spade_bored_becter,
          shapermc_ecumenical_altar_gd, minmay_quantized
D:4:      minmay_goblin_kobold_castle, layout_basic,
          mainiacjoe_overflow_brackets, zin_treasury, uniq_ijyb, uniq_duvessa

Skill      XL: |  1  2  3  4  5 |
---------------+----------------+-----
Throwing       | 2 3 |  3.0
Armour         | 1 2 |  2.6
Fighting       | 3 |  3.5
Stealth        | 5 |  5.3
Short Blades   | |  1.7
Dodging        | |  0.7

Action                   |  1- 3 |  4- 6 || total
-------------------------+-------+-------++-------
Melee: Dagger            |    76 |    17 ||    93
       Long sword        |       |   108 ||   108
Throw: Dart              |     2 |     2 ||     4
       Javelin           |     6 |     5 ||    11
 Stab: Sleeping          |     5 |     2 ||     7
Armor: Ring mail         |    20 |   105 ||   125
Dodge: Dodged            |    35 |    97 ||   132

Table legend: (Time is in decaauts)
 A = Elapsed time spent in this place.
 B = Non-inter-level travel time spent in this place.
 C = Inter-level travel time spent in this place.
 D = Time resting spent in this place.
 E = Time spent auto-exploring this place.
 F = Levels seen in this place.
 G = Mean time per level.
                   A        B        C        D        E       F      G
               +--------+--------+--------+--------+--------+-----+--------+
         Total |   3500 |   3298 |    202 |    628 |   2140 |   4 |  875.0 |
       Dungeon |   3500 |   3298 |    202 |    628 |   2140 |   4 |  875.0 |
               +--------+--------+--------+--------+--------+-----+--------+

Top non-repeatable levels by time:
     D:3: 1683 daAuts
     D:1: 944 daAuts
     D:2: 865 daAuts
     D:4: 7 daAuts
